 Dungeon Crawl Stone Soup version 0.30-a0-390-g80c34de65d (webtiles) character file.

Game seed: 6161479789391792012

4163 mandarbmax the Cleaver (level 10, -1/68 (79) HPs)
             Began as a Gnoll Reaver on Dec 4, 2022.
             Was an Initiate of Gozag.
             Slain by a two-headed ogre
             ... wielding a +0 dire flail
              (18 damage)
             ... on level 7 of the Dungeon.
             The game lasted 00:19:47 (6816 turns).

mandarbmax the Cleaver (Gnoll Reaver)               Turns: 6816, Time: 00:19:47

HP:   -1/68 (79)    AC: 11    Str: 33 (34) XL:     10   Next: 28%
MP:   20/21         EV: 13    Int: 18      God:    Gozag
Gold: 763           SH:  5    Dex:  7 (8)  Spells: 18/23 levels left

rFire   . . .      SeeInvis .    B - +11 dagger of the Ten Xenophobes {vorpal, Str+4 Int+4 Dex-3 Stlth+}
rCold   . . .      Faith    .    (no shield)
rNeg    . . .      Spirit   .    D - +2 plate armour "Horoq" {Str+10}
rPois   .          Reflect  +    (no helmet)
rElec   .          Harm     .    (no cloak)
rCorr   .          Rampage  .    (no gloves)
Will    .....                    l - +1 pair of boots
Stlth   ..........               s - amulet of reflection
HPRegen 0.00/turn                i - +6 ring of strength
MPRegen 0.17/turn                x - +4 ring of evasion

@: inhibited regen, heavily drained
A: fangs 1, strong nose, distributed training, deformed body, inhibited
regeneration
a: Renounce Religion, Potion Petition, Call Merchant, Bribe Branch


You were on level 7 of the Dungeon.
You worshipped Gozag.
Gozag was pleased with you.
You visited 1 branch of the dungeon, and saw 8 of its levels.

You collected 967 gold pieces.
You spent 140 gold pieces at shops.
You paid 64 gold pieces to Gozag.

Inventory:

Hand Weapons
 B - the +11 dagger of the Ten Xenophobes (weapon) {vorpal, Str+4 Int+4 Dex-3 Stlth+}
   (You found it on level 4 of the Dungeon)

   It inflicts extra damage upon your enemies.
   Str:       It affects your strength (+4).
   Int:       It affects your intelligence (+4).
   Dex:       It affects your dexterity (-3).
   Stlth:     It makes you more stealthy.
Missiles
 f - a throwing net
 h - 9 curare-tipped darts
 j - 2 javelins
 m - 5 boomerangs
 n - 4 silver javelins
 u - 30 poisoned darts (quivered)
Armour
 l - a +1 pair of boots (worn)
 D - the +2 plate armour "Horoq" (worn) {Str+10}
   (You found it on level 4 of the Dungeon)

   Str:       It affects your strength (+10).
Jewellery
 i - a +6 ring of strength (left hand)
 s - an amulet of reflection (around neck)
 x - a +4 ring of evasion (right hand)
 C - a ring of poison resistance
Wands
 r - a wand of iceblast (9)
 v - a wand of mindburst (8)
 G - a wand of flame (4)
 H - a wand of digging (5)
 M - a wand of paralysis (14)
Scrolls
 b - a scroll of poison {unknown}
 g - a scroll of blinking {unknown}
 k - a scroll of vulnerability
 o - 3 scrolls of amnesia
 y - a scroll of silence
 z - 2 scrolls of teleportation
 A - a scroll of fear
 F - a scroll of enchant weapon {unknown}
 J - a scroll of fog {unknown}
 K - a scroll of magic mapping {unknown}
 L - a scroll of torment {unknown}
Potions
 a - a potion of brilliance {unknown}
 c - 3 potions of mutation
 d - 2 potions of lignification
 p - 3 potions of heal wounds
 q - 5 potions of curing
 t - 2 potions of attraction
 w - a potion of cancellation
 E - a potion of ambrosia
 I - a potion of magic {unknown}


   Skills:
 + Level 7.1 Fighting
 + Level 5.3 Short Blades
 + Level 5.3 Long Blades
 + Level 8.5 Axes
 + Level 5.3 Maces & Flails
 + Level 5.3 Polearms
 + Level 5.3 Staves
 + Level 5.3 Ranged Weapons
 + Level 5.3 Throwing
 + Level 5.3 Armour
 + Level 7.1 Dodging
 + Level 5.3 Stealth
 + Level 5.3 Shields
 + Level 5.3 Unarmed Combat
 + Level 7.4 Spellcasting
 + Level 7.1 Conjurations
 + Level 4.4 Hexes
 + Level 4.4 Summonings
 + Level 4.4 Necromancy
 + Level 4.4 Translocations
 + Level 4.4 Transmutations
 + Level 4.4 Fire Magic
 + Level 4.4 Ice Magic
 + Level 4.4 Air Magic
 + Level 4.4 Earth Magic
 + Level 4.4 Poison Magic
 + Level 5.8 Invocations
 + Level 5.3 Evocations


You had 18 spell levels left.
You knew the following spells:

 Your Spells              Type           Power      Damage    Failure   Level
a - Kiss of Death         Conj/Necr      100%       2d13      8%          1
b - Momentum Strike       Conj/Tloc      54%        3d9       12%         2
c - Static Discharge      Conj/Air       54%        2-5/arc   12%         2

Your spell library contained the following spells:

 Spells                   Type           Power      Damage    Failure   Level
 Ensorcelled Hibernation  Hex/Ice        44%        N/A       21%         2
 Passwall                 Tmut/Erth      18%        N/A       21%         2
 Sublimation of Blood     Necr           22%        N/A       21%         2
 Wereblood                Tmut           22%        N/A       21%         2
 Hailstorm                Conj/Ice       27%        3d7       22%         3
 Confusing Touch          Hex            22%        N/A       36%         3
 Gell's Gravitas          Tloc           22%        N/A       36%         3
 Ignite Poison            Fire/Tmut/Pois 22%        N/A       36%         3
 Inner Flame              Hex/Fire       22%        N/A       36%         3
 Swiftness                Air            22%        N/A       36%         3
 Teleport Other           Tloc           22%        N/A       36%         3
 Tukima's Dance           Hex            22%        N/A       36%         3
 Vhi's Electric Charge    Tloc/Air       44%        N/A       36%         3
 Sticky Flame             Conj/Fire      27%        2d5       58%         4
 Cause Fear               Hex            11%        N/A       78%         4
 Dispel Undead            Necr           22%        3d12      78%         4
 Olgreb's Toxic Radiance  Pois           22%        N/A       78%         4
 Passage of Golubria      Tloc           22%        N/A       78%         4
 Arcjolt                  Conj/Air       13%        1d23      91%         5
 Lightning Bolt           Conj/Air       13%        1d27      91%         5
 Freezing Cloud           Conj/Ice/Air   12%        6-21      94%         5
 Yara's Violent Unravell  Hex/Tmut       11%        3d6       98%         5
 Dispersal                Tloc           11%        N/A       100%        6
 Ozocubu's Refrigeration  Ice            11%        4d9       100%        7
 Summon Hydra             Summ           11%        N/A       100%        7
 Discord                  Hex            11%        N/A       100%        8
 Ignition                 Fire           11%        3d5       100%        8
 Polar Vortex             Ice            11%        N/A       100%        9
 Simulacrum               Ice/Necr       Unusable   N/A       N/A         6

Dungeon Overview and Level Annotations

Branches:
Dungeon (8/15)             Temple (0/1) D:4
   Lair: D:8-11

Altars:
Cheibriados
Dithmenos
Elyvilon
Gozag
Hepliaklqana
Sif Muna
Vehumet
The Shining One

Shops:
D:2 !


Innate Abilities, Weirdness & Mutations

You have very sharp teeth.
Your uncanny sense of smell can sniff out nearby items.
Your experience applies equally to all skills.
Armour fits poorly on your strangely shaped body.
You do not regenerate when monsters are visible.


Message History

Casting: Static Discharge (safe; 12% risk of failure)
Confirm with . or Enter, or press ? or * to list all spells.
Okay, then.
Casting: Static Discharge (safe; 12% risk of failure)
Confirm with . or Enter, or press ? or * to list all spells.
Okay, then.
Okay, then.
You climb downwards.
A kobold brigand comes into view.
It is wielding a +4 dagger and quivering poisoned darts.
The two-headed ogre hits you with a +0 dire flail! x2
There is a stone staircase leading up, spattered with blood here.
You see here 3 potions of degeneration.
Unknown command.
You throw a poisoned dart.
The poisoned dart closely misses the two-headed ogre.
The kobold brigand throws a poisoned dart.
The poisoned dart closely misses you. You block the two-headed ogre's attack.
The two-headed ogre hits you with a +0 dire flail!!
You climb upwards.
There is a stone staircase leading down, spattered with blood here.
You puncture the two-headed ogre!
The two-headed ogre is moderately wounded.
The two-headed ogre hits you with a +0 dire flail!!
* * * LOW HITPOINT WARNING * * *
The two-headed ogre barely misses you.
Casting: Static Discharge (safe; 12% risk of failure)
Confirm with . or Enter, or press ? or * to list all spells.
Aiming: Kiss of Death (safe; 8% risk of failure)
Press: ? - help, Shift-Dir - straight line, f - two-headed ogre
Aim: a two-headed ogre, wielding two +0 dire flails (moderately wounded, 100% to hit)
The negative energy hits the two-headed ogre!
The two-headed ogre is drained!
The two-headed ogre is heavily wounded.
You feel drained.
You hit the two-headed ogre.
You bite the two-headed ogre, but do no damage.
The two-headed ogre is heavily wounded.
The two-headed ogre hits you with a +0 dire flail!!
You die...
Your body crumbles into a pile of gold.

#...........# #................
#..#############.#####..........
#..# #.....##..# #.#########
#..# #.....##.### #.# # #..#
#..........# #.# # #..#
#.....##.#.# #.# # #<.#
#.....##.#.# #.# ## #..#
###.####O#.# #.########. #..#
#...# #@#.## #.#........
#..######.).###)...###.#..#####.
#.............#........#...#####
##.........^..#.....##.....))..#
######.......).###....##'')##.#
###...###.###.####.....### #...#
#.......#~.#.#.~## #####
#########⌠.#.#.⌠#. #~.#.#.~##


You could see a two-headed ogre (drained).

Vanquished Creatures
  A two-headed ogre (D:7)
  The ghost of Encipher the Insei, a novice OpTm of Sif Muna (D:7)
  Joseph (D:7)
  Prince Ribbit (D:5)
  Eustachio (D:6)
  A wraith (D:7)
  3 ice beasts
  A sky beast (D:7)
  2 black bears (D:6)
  A centaur (D:5)
  4 ogres
  3 phantoms
  10 kobold brigands (D:7)
  2 bullfrogs (D:7)
  3 scorpions
  A wight (D:5)
  4 howler monkeys
  2 hounds (D:5)
  A jelly (D:7)
  An iguana (D:4)
  An orc wizard (D:4)
  3 adders
  3 gnolls (D:5)
  2 white imps
  2 ufetubi
  3 worms
  8 orcs
  4 endoplasms
  2 giant cockroaches
  3 goblins
  8 hobgoblins
  12 kobolds
  2 quokkas
  5 ball pythons
  4 bats
  4 frilled lizards
  2 rats
112 creatures vanquished.

Vanquished Creatures (others)
  A water moccasin (D:5)
  A hound (D:3)
  2 jellies
  2 orc wizards (D:3)
  Ijyb (D:5)
  A ball python (D:3)
  2 endoplasms (D:3)
  A goblin (D:4)
  A hobgoblin (D:3)
  2 kobolds
  A quokka (D:7)
  A rat (D:3)
  4 fungi
  2 plants (D:7)
  4 toadstools (D:1)
26 creatures vanquished.

Grand Total: 138 creatures vanquished

Notes
Turn   | Place    | Note
-------+----------+-------------------------------------------
     0 | D:1      | mandarbmax the Gnoll Reaver began the quest for the Orb.
     0 | D:1      | Reached XP level 1. HP: 20/20 MP: 6/6
   216 | D:1      | Reached XP level 2. HP: 25/26 MP: 7/7
  1231 | D:2      | Reached skill level 5 in Spellcasting
  1231 | D:2      | Reached XP level 3. HP: 14/28 MP: 6/9
  1498 | D:2      | Reached skill level 1 in Invocations
  1533 | D:2      | Found Holeba's Distillery.
  1544 | D:2      | Bought a potion of haste for 140 gold pieces
  1678 | D:2      | Found a faded altar of an unknown god.
  1868 | D:2      | Reached skill level 1 in Short Blades
  1868 | D:2      | Reached skill level 1 in Long Blades
  1868 | D:2      | Reached skill level 1 in Maces & Flails
  1868 | D:2      | Reached skill level 1 in Polearms
  1868 | D:2      | Reached skill level 1 in Staves
  1868 | D:2      | Reached skill level 1 in Ranged Weapons
  1868 | D:2      | Reached skill level 1 in Throwing
  1868 | D:2      | Reached skill level 1 in Armour
  1868 | D:2      | Reached skill level 1 in Stealth
  1868 | D:2      | Reached skill level 1 in Shields
  1868 | D:2      | Reached skill level 1 in Unarmed Combat
  1868 | D:2      | Reached skill level 1 in Evocations
  1871 | D:2      | Learned a level 2 spell: Momentum Strike
  2152 | D:3      | Noticed an ogre
  2161 | D:3      | Killed an ogre
  2162 | D:3      | Reached skill level 1 in Hexes
  2162 | D:3      | Reached skill level 1 in Summonings
  2162 | D:3      | Reached skill level 1 in Necromancy
  2162 | D:3      | Reached skill level 1 in Translocations
  2162 | D:3      | Reached skill level 1 in Transmutations
  2162 | D:3      | Reached skill level 1 in Fire Magic
  2162 | D:3      | Reached skill level 1 in Ice Magic
  2162 | D:3      | Reached skill level 1 in Air Magic
  2162 | D:3      | Reached skill level 1 in Earth Magic
  2162 | D:3      | Reached skill level 1 in Poison Magic
  2162 | D:3      | Reached XP level 4. HP: 30/38 MP: 7/11
  2162 | D:3      | Reached XP level 5. HP: 34/43 MP: 7/12
  2195 | D:3      | Found a large runed translucent door.
  2195 | D:3      | Found a large runed translucent door.
  2465 | D:3      | Found a shimmering blue altar of Sif Muna.
  3112 | D:3      | Found an opulent altar of Gozag.
  3131 | D:3      | Found a hazy altar of Hepliaklqana.
  3146 | D:3      | Became a worshipper of Gozag Ym Sagoz the Greedy
  3150 | D:3      | Learned a level 2 spell: Static Discharge
  3255 | D:4      | Identified the +11 dagger of the Ten Xenophobes {vorpal,
                  | Str+4 Int+4 Dex-3 Stlth+}
  3284 | D:4      | Identified the +2 plate armour "Horoq" {Str+10}
  3363 | D:4      | Noticed a phantom
  3377 | D:4      | Killed a phantom
  3378 | D:4      | Reached skill level 5 in Fighting
  3378 | D:4      | Reached skill level 5 in Dodging
  3378 | D:4      | Reached XP level 6. HP: 51/51 MP: 14/14
  3660 | D:4      | Found a staircase to the Ecumenical Temple.
  3692 | D:4      | Noticed an ice beast
  3699 | D:4      | Killed an ice beast
  3839 | D:4      | Found a snail-covered altar of Cheibriados.
  3878 | D:4      | Reached skill level 7 in Axes
  3878 | D:4      | Reached XP level 7. HP: 56/56 MP: 12/15
  3985 | D:5      | Entered Level 5 of the Dungeon
  4148 | D:5      | Noticed Ijyb
  4168 | D:5      | Killed Ijyb
  4242 | D:5      | Found a radiant altar of Vehumet.
  4493 | D:5      | Reached XP level 8. HP: 58/63 MP: 9/16
  4558 | D:5      | Found a shadowy altar of Dithmenos.
  4680 | D:5      | Noticed Prince Ribbit
  4687 | D:5      | Killed Prince Ribbit
  4909 | D:6      | Noticed Eustachio
  4927 | D:6      | Killed Eustachio
  5410 | D:6      | Found a glowing golden altar of the Shining One.
  5461 | D:7      | Reached XP level 9. HP: 69/69 MP: 18/18
  5520 | D:7      | Found a runed translucent gate.
  5521 | D:7      | Found a runed translucent gate.
  5521 | D:7      | Noticed Encipher's ghost (novice OpTm)
  5527 | D:7      | Found a runed translucent gate.
  5716 | D:7      | Found a white marble altar of Elyvilon.
  5806 | D:7      | Noticed Joseph
  5821 | D:7      | Killed Joseph
  5822 | D:7      | Reached skill level 8 in Axes
  5822 | D:7      | Reached skill level 5 in Invocations
  6322 | D:7      | Gained mutation: You do not regenerate when monsters are
                  | visible. [potion of mutation]
  6322 | D:7      | Gained mutation: Armour fits poorly on your strangely
                  | shaped body. [potion of mutation]
  6347 | D:7      | Killed Encipher's ghost
  6348 | D:7      | Reached skill level 5 in Short Blades
  6348 | D:7      | Reached skill level 5 in Long Blades
  6348 | D:7      | Reached skill level 5 in Maces & Flails
  6348 | D:7      | Reached skill level 5 in Polearms
  6348 | D:7      | Reached skill level 5 in Staves
  6348 | D:7      | Reached skill level 5 in Ranged Weapons
  6348 | D:7      | Reached skill level 5 in Throwing
  6348 | D:7      | Reached skill level 5 in Armour
  6348 | D:7      | Reached skill level 5 in Stealth
  6348 | D:7      | Reached skill level 5 in Shields
  6348 | D:7      | Reached skill level 5 in Unarmed Combat
  6348 | D:7      | Reached skill level 5 in Evocations
  6348 | D:7      | Reached XP level 10. HP: 17/77 MP: 20/20
  6574 | D:8      | Noticed a two-headed ogre
  6578 | D:8      | Noticed a two-headed ogre
  6596 | D:7      | Killed a two-headed ogre
  6816 | D:7      | Slain by a two-headed ogre

Illustrated notes

Levels and vault maps discovered:
D:1:      nicolae_arrival_somewhat_less_tricky_arrival, layout_loops_ring,
          minmay_gold_behind_fungi, corexii_item_surrounded_by_moat,
          corner_web_ring
D:2:      minmay_general_purpose_star, layout_basic, serial_shops,
          nicolae_square_shop, hellmonk_ecumenical_altar_blasted,
          grunt_ministairs_10, nrook_mini_vaults, minivault_24,
          serial_bayou_lagoon_a
D:3:      layout_loops_ring, jmf_multi_god_temple2, led_sif_book
D:4:      layout_rooms, mainiacjoe_overflow_tiny_flanked, temple_green
D:5:      layout_rooms, lemuel_crystal_altar, hangedman_decor_push,
          minmay_ruined_shrine, uniq_ijyb, uniq_prince_ribbit1
D:6:      layout_rooms, kennysheep_mini, uniq_eustachio
D:7:      layout_loops_ring, elyvilon_altar_4, gammafunk_ghost_nasty_kobolds,
          uniq_joseph
D:8:      layout_gridville, dk_yredelemnul_ordeal, zin_angel, dpeg_oklobed_lair,
          serial_rivers, chequers_serial_rivers_micro_b,
          chequers_serial_rivers_small_a, chequers_serial_rivers_small_b,
          chequers_serial_rivers_room_b, chequers_serial_rivers_micro_e

Skill      XL: |  1  2  3  4  5  6  7  8  9 10 |
---------------+-------------------------------+-----
Spellcasting   | 5 6 7 |  7.4
Invocations    | 1 2 3 4 5 |  5.8
Short Blades   | 1 2 3 5 |  5.3
Long Blades    | 1 2 3 5 |  5.3
Maces & Flails | 1 2 3 5 |  5.3
Polearms       | 1 2 3 5 |  5.3
Staves         | 1 2 3 5 |  5.3
Ranged Weapons | 1 2 3 5 |  5.3
Throwing       | 1 2 3 5 |  5.3
Armour         | 1 2 3 5 |  5.3
Stealth        | 1 2 3 5 |  5.3
Shields        | 1 2 3 5 |  5.3
Unarmed Combat | 1 2 3 5 |  5.3
Evocations     | 1 2 3 5 |  5.3
Hexes          | 1 2 3 4 |  4.4
Summonings     | 1 2 3 4 |  4.4
Necromancy     | 1 2 3 4 |  4.4
Translocations | 1 2 3 4 |  4.4
Transmutations | 1 2 3 4 |  4.4
Fire Magic     | 1 2 3 4 |  4.4
Ice Magic      | 1 2 3 4 |  4.4
Air Magic      | 1 2 3 4 |  4.4
Earth Magic    | 1 2 3 4 |  4.4
Poison Magic   | 1 2 3 4 |  4.4
Fighting       | 5 6 7 |  7.1
Dodging        | 5 6 7 |  7.1
Axes           | 7 8 |  8.5
Conjurations   | 6 7 |  7.1

Action                   |  1- 3 |  4- 6 |  7- 9 | 10-12 || total
-------------------------+-------+-------+-------+-------++-------
Melee: Hand axe          |   126 |    65 |       |       ||   191
       Bite              |    18 |    10 |    23 |     1 ||    52
       Punch             |     3 |       |     7 |     1 ||    11
       Dagger            |       |    33 |   225 |    11 ||   269
Throw: Dart              |     2 |     2 |     3 |     8 ||    15
       Javelin           |       |     2 |       |       ||     2
       Boomerang         |       |     2 |       |       ||     2
 Cast: Kiss of Death     |     3 |       |     1 |     1 ||     5
       Momentum Strike   |     2 |    21 |    15 |       ||    38
       Static Discharge  |       |       |     5 |       ||     5
Evoke: Wand              |     1 |     3 |     3 |       ||     7
  Use: Potion            |       |     1 |     6 |       ||     7
       Scroll            |       |       |    12 |       ||    12
 Stab: Sleeping          |     2 |       |       |       ||     2
Armor: Leather armour    |    22 |    12 |       |       ||    34
       Plate armour      |       |    10 |    87 |       ||    97
Dodge: Dodged            |    74 |    34 |   133 |     5 ||   246
Block: Other             |     5 |    16 |    53 |     2 ||    76
       Reflection        |       |     2 |     5 |       ||     7

Table legend: (Time is in decaauts)
 A = Elapsed time spent in this place.
 B = Non-inter-level travel time spent in this place.
 C = Inter-level travel time spent in this place.
 D = Time resting spent in this place.
 E = Time spent auto-exploring this place.
 F = Levels seen in this place.
 G = Mean time per level.
                   A        B        C        D        E       F      G
               +--------+--------+--------+--------+--------+-----+--------+
         Total |   6751 |   6579 |    172 |    823 |   4601 |   8 |  843.9 |
       Dungeon |   6751 |   6579 |    172 |    823 |   4601 |   8 |  843.9 |
               +--------+--------+--------+--------+--------+-----+--------+

Top non-repeatable levels by time:
     D:7: 1323 daAuts
     D:3: 1123 daAuts
     D:2: 1039 daAuts
     D:1: 1015 daAuts
     D:4: 797 daAuts
     D:5: 780 daAuts
     D:6: 643 daAuts
     D:8: 27 daAuts
